 Dungeon Crawl Stone Soup version 0.28.0-43-g3370ac3207 (webtiles) character file.

Game seed: 9713573705274524342

49 smarlow the Magician (level 4, -1/31 HPs)
             Began as a Djinni Conjurer on Mar 4, 2022.
             Killed by divine providence
             ... invoked by an orc priest
              (14 damage)
             ... on level 3 of the Dungeon.
             The game lasted 00:02:20 (2277 turns).

smarlow the Magician (Djinni Conjurer)              Turns: 2277, Time: 00:02:21

Health: -1/31      AC:  2    Str:  6    XL:     4   Next: 2%
Gold:   41         EV: 12    Int: 22    God:
                   SH:  0    Dex: 11

rFire   + + .      SeeInvis .   (no weapon)
rCold   x . .      Faith    .   (no shield)
rNeg    . . .      Spirit   .   a - +0 robe
rPois   ∞          Reflect  .   (no helmet)
rElec   .          Harm     .   (no cloak)
rCorr   .          Rampage  .   (no gloves)
Will    .....      NoTele   +   (boots unavailable)
Stlth   ++........              (no amulet)
HPRegen 0.10/turn               (no ring)
MPRegen 0.00/turn               (no ring)

@: immobile, flying, very slightly contaminated
A: sickness immunity, fire resistance 2, cold vulnerability 1, float, innate
caster, HP casting, extra vitality 1
a: no special abilities


You were on level 3 of the Dungeon.
You visited 1 branch of the dungeon, and saw 3 of its levels.

You collected 41 gold pieces.

Inventory:

Armour
 a - a +0 robe (worn)
Scrolls
 d - a scroll of summoning {unknown}
 e - a scroll of enchant weapon {unknown}
 f - a scroll of torment {unknown}
 h - 2 scrolls of identify {unknown}
Potions
 b - a potion of degeneration {unknown}
 c - a potion of brilliance {unknown}
 g - a potion of lignification {unknown}
 i - 2 potions of curing {unknown}


   Skills:
 - Level 2.1 Dodging
 - Level 1.5 Stealth
 + Level 4.2 Spellcasting


You couldn't memorise any spells.
You knew the following spells:

 Your Spells              Type           Power      Damage    Failure   Level
a - Magic Dart            Conj           92%        1d7       1%          1
b - Searing Ray           Conj           46%        2d6       2%          2
c - Dazzling Flash        Conj/Hex       46%        N/A       5%          3
d - Fulminant Prism       Conj/Hex       11%        3d9       19%         4
e - Iskenderun's Mystic   Conj/Tloc      23%        2d6       19%         4
f - Sting                 Tmut/Pois      92%        1d7       1%          1
Your spell library was empty.

Dungeon Overview and Level Annotations

Branches:
Dungeon (3/15)

Altars:


Innate Abilities, Weirdness & Mutations

You are immune to sickness and miasma.
You are immune to poison.
Your flesh is very heat resistant. (rF++)
You are vulnerable to cold. (rC-)
You float through the air rather than walking.
You learn spells naturally, not from books.
Your magical power is your life essence.
You have superior vitality. (+4 MHP)


Message History

You have reached level 4!
You feel clever.
A goblin comes into view. It is wielding a +0 dagger.
A rat comes into view.
There is a stone staircase leading up here.
You fly upwards.
There is a stone staircase leading down here.
A hobgoblin comes into view.
The magic dart hits the hobgoblin.
The hobgoblin is heavily wounded.
The hobgoblin shouts!
The magic dart hits the hobgoblin.
You kill the hobgoblin!
HP restored.
i - 2 dark potions (gained 1)
h - 2 scrolls labelled DISMUM GEPOFEI (gained 1) Done exploring.
There is a stone staircase leading down here.
You fly downwards.
The orc shouts!
The orc priest shouts!
The orc priest hits you with a +3 mace.
There is a stone staircase leading up here.
Casting: Magic Dart (safe; 1% risk of failure)
Confirm with . or Enter, or press ? or * to list all spells.
The spell is extremely dangerous to miscast (19% risk of failure)!
Continue anyway?
You miscast Iskenderun's Mystic Blast.
You are very lightly contaminated with residual magic.
Space bends around you.
You are magically locked in place.
The orc priest hits you with a +3 mace.
Casting: Iskenderun's Mystic Blast (extremely dangerous; 19% risk of failure)
Confirm with . or Enter, or press ? or * to list all spells.
The spell is extremely dangerous to miscast (19% risk of failure)!
Continue anyway?
Aiming: Fulminant Prism (extremely dangerous; 19% risk of failure)
Press: ? - help, Dir - move target You conjure a prism of explosive energy!
A fulminant prism comes into view.
You hear a shout!
The orc priest calls down the wrath of Beogh upon you.
Beogh smites you!
You die...

..†... ####### ##
....... .. .######
####.#### ####.
.*.....########....
#.###.o..))..?...g....:
#.....o....###))....##.
#.....@....# #.#######.
...###...#.## ## #.
#....# #r #....# #.
#....# .. .....# .
..#...# ...#####


You could see an orc priest (ally target), an orc and a friendly fulminant
prism.

Vanquished Creatures
  5 orcs (D:3)
  6 bats
  2 endoplasms
  4 giant cockroaches
  4 goblins
  3 hobgoblins
  2 jackals (D:1)
  2 quokkas
  4 ball pythons
  3 frilled lizards (D:1)
  3 kobolds
  2 rats (D:1)
40 creatures vanquished.

Notes
Turn   | Place    | Note
-------+----------+-------------------------------------------
     0 | D:1      | smarlow the Djinni Conjurer began the quest for the Orb.
     0 | D:1      | Reached XP level 1. HP: 15/15 MP: 0/0
   195 | D:1      | Reached XP level 2. HP: 17/21 MP: 0/0
   709 | D:1      | Reached XP level 3. HP: 21/25 MP: 0/0
   709 | D:1      | Learned a level 1 spell: Sting
   981 | D:1      | Reached skill level 4 in Spellcasting
   985 | D:1      | You are sucked into a shaft and drop 1 floor!
  1961 | D:3      | Reached XP level 4. HP: 5/31 MP: 0/0
  2277 | D:3      | Killed from afar by an orc priest

Illustrated notes

Levels and vault maps discovered:
D:1:      wander_arrival_estate, layout_loops_ring, chequers_mini_garden
D:2:      layout_basic
D:3:      layout_rooms, minmay_misc_feat_rugged

Skill      XL: |  1  2  3 |
---------------+----------+-----
Spellcasting   | 4 |  4.2
Dodging        | |  2.1
Stealth        | |  1.5

Action                   |  1- 3 |  4- 6 || total
-------------------------+-------+-------++-------
 Cast: Magic Dart        |    74 |     2 ||    76
       Searing Ray       |     1 |       ||     1
       Fulminant Prism   |       |     1 ||     1
Armor: Robe              |     2 |       ||     2
Dodge: Dodged            |     4 |       ||     4
